 Dungeon Crawl Stone Soup version 0.29-a0-330-g52719c12eb (webtiles) character file.

Game seed: 13388928598056955848

65 kae the Sneak (level 4, 0/27 HPs)
             Began as an Octopode Fire Elementalist on Apr 17, 2022.
             Slain by a hobgoblin (6 damage)
             ... led by Robin
             ... on level 1 of the Dungeon.
             The game lasted 00:01:30 (1819 turns).

kae the Sneak (Octopode Fire Elementalist)          Turns: 1819, Time: 00:01:31

Health: 0/27       AC:  1    Str:  7    XL:     4   Next: 14%
Magic:  7/7        EV: 13    Int: 19    God:
Gold:   68         SH:  0    Dex: 12    Spells: 1/7 levels left

rFire   . . .      SeeInvis .   c - +0 dagger
rCold   . . .      Faith    .   (no shield)
rNeg    . . .      Spirit   .   (helmet restricted)
rPois   .          Reflect  .   (no amulet)
rElec   .          Harm     .   (no ring)
rCorr   .          Rampage  .   (no ring)
Will    .....                   (no ring)
Stlth   +++.......              (no ring)
HPRegen 0.09/turn               (no ring)
MPRegen 0.10/turn               (no ring)
                                (no ring)
                                (no ring)

@: no status effects
A: almost no armour, amphibious, 8 rings, camouflage 1, gelatinous body 1,
(nimble swimmer 1), tentacles
a: no special abilities


You were on level 1 of the Dungeon.
You visited 1 branch of the dungeon, and saw 2 of its levels.

You collected 68 gold pieces.

Inventory:

Hand Weapons
 c - a +0 dagger (weapon)
Jewellery
 b - an amulet of magic regeneration
Scrolls
 d - a scroll of brand weapon
 f - 2 scrolls of identify
Potions
 a - a potion of magic


   Skills:
 + Level 0.9 Fighting
 + Level 2.5 Dodging
 + Level 3.5 Stealth
 + Level 2.3 Spellcasting
 + Level 1.5 Conjurations
 * Level 3.5 Fire Magic


You had one spell level left.
You knew the following spells:

 Your Spells              Type           Power      Damage    Failure   Level
a - Foxfire               Conj/Fire      44%        2x1d6     6%          1
b - Scorch                Fire           30%        2d7       6%          2
c - Conjure Flame         Conj/Fire      11%        6-21      17%         3

Your spell library contained the following spells:

 Spells                   Type           Power      Damage    Failure   Level
 Inner Flame              Hex/Fire       8%         N/A       24%         3
 Call Canine Familiar     Summ           2%         N/A       43%         3
 Portal Projectile        Hex/Tloc       4%         N/A       43%         3
 Flame Wave               Conj/Fire      11%        2d5       50%         4
 Leda's Liquefaction      Hex/Erth       1%         N/A       85%         4


Dungeon Overview and Level Annotations

Branches:
Dungeon (2/15)

Altars:

Annotations:
D:2 Natasha, Robin


Innate Abilities, Weirdness & Mutations

You cannot wear most types of armour.
You are amphibious.
You can wear up to eight rings at the same time.
Your skin changes colour to match your surroundings (Stealth+).
Your rubbery body absorbs attacks. (AC +1, EV +1)
((You are camouflaged when in or above water. (Stealth+)))
You have tentacles for arms and can constrict up to eight enemies at once.


Message History

Done exploring.
Done exploring.
Done exploring.
Done exploring.
(D) Dungeon
Where to? (Enter - D:1 @ (x,y), ? - help)
There is an open gate here.
There is a stone staircase leading down here.
You climb downwards.
Level annotation: Natasha, Robin Robin roars a battlecry!
The goblins go into a battle-frenzy!
The goblin hits you with a +0 dagger. x2; The goblin closely misses you.
The goblin misses you. The hobgoblin hits you.
There is a stone staircase leading up here.
The goblin hits you with a +0 club. The hobgoblin hits you.
The goblin completely misses you. The goblin hits you with a +0 dagger.
The goblin barely misses you.
You climb upwards.
There is a stone staircase leading down here.
The hobgoblin barely misses you. The goblin hits you but does no damage.
The goblin attacks as you move away! The goblin barely misses you.
The goblin closely misses you. The goblin attacks as you move away!
The goblin closely misses you.
Okay, then.
Okay, then.
You aren't carrying any items that you can evoke.
Okay, then.
You hit the goblin.
You kill the goblin!
You hit the hobgoblin but do no damage. Your grab misses the hobgoblin.
The hobgoblin barely misses you.
You hit the hobgoblin but do no damage. You grab the hobgoblin.
You constrict the hobgoblin, but do no damage.
The hobgoblin hits you.
* * * LOW HITPOINT WARNING * * *
You hit the hobgoblin but do no damage.
You constrict the hobgoblin, but do no damage.
The hobgoblin hits you.
You die...

....#########...########'#.#.#.#
.................).........#.#.#
...........................#.#.#
.^##.....####..............#.#.#
..##.....##......(.........#.#.#
####.....##.####..........##.#.#
#.........# ##...#......#.#.#
####.........####...#.####.#)#.#
...........>gggg@...#........#.#
####.........####...#.##.#.#.#.#
.....####....# #...#....#.#.#.#
.....# #....# #.#.#.#..#.#.#.#
.....# #########......)...#.#.#
.....#####.(...####......#.#.#.#
.....'##.(..(.(..##..#######.#.#
......'..(..8(....+..........#.#
.....###......[[.###..########.#


You could see a hobgoblin (strong) and 3 goblins.

Vanquished Creatures
  A gnoll (D:1)
  An adder (D:1)
  A bat (D:1)
  2 endoplasms (D:1)
  6 giant cockroaches (D:1)
  6 goblins
  5 hobgoblins
  4 jackals (D:1)
  2 quokkas (D:1)
  3 ball pythons (D:1)
  4 frilled lizards (D:1)
  3 kobolds (D:1)
  3 rats (D:1)
  A spectral goblin (D:1)
42 creatures vanquished.

Vanquished Creatures (others)
  112 foxfires
112 creatures vanquished.

Grand Total: 154 creatures vanquished

Notes
Turn   | Place    | Note
-------+----------+-------------------------------------------
     0 | D:1      | kae the Octopode Fire Elementalist began the quest for the
                  | Orb.
     0 | D:1      | Reached XP level 1. HP: 11/11 MP: 3/3
   159 | D:1      | Reached XP level 2. HP: 18/18 MP: 0/5
   592 | D:1      | Found a faded altar of an unknown god.
   612 | D:1      | Reached XP level 3. HP: 15/22 MP: 3/6
  1046 | D:1      | Learned a level 2 spell: Scorch
  1050 | D:1      | Learned a level 3 spell: Conjure Flame
  1296 | D:2      | Noticed Natasha
  1525 | D:2      | Noticed Robin
  1528 | D:2      | Reached XP level 4. HP: 23/27 MP: 5/7
  1819 | D:1      | Slain by a hobgoblin

Illustrated notes

Levels and vault maps discovered:
D:1:      minmay_arrival_shattered_statue, layout_basic,
          dreamdust_ecumenical_altar_drowned_temple
D:2:      layout_rooms, uniq_robin, uniq_natasha

Skill      XL: |  1 |
---------------+----+-----
Stealth        | 3 |  3.5
Fighting       | |  0.9
Dodging        | |  2.5
Spellcasting   | |  2.3
Conjurations   | |  1.5
Fire Magic     | |  3.5

Action                   |  1- 3 |  4- 6 || total
-------------------------+-------+-------++-------
Melee: Dagger            |    13 |     4 ||    17
       Constrict         |     1 |     1 ||     2
 Cast: Foxfire           |    56 |     5 ||    61
  Use: Scroll            |       |     2 ||     2
       Potion            |       |     1 ||     1
 Stab: Sleeping          |     3 |       ||     3
Armor: Skin              |     2 |     1 ||     3
Dodge: Dodged            |    18 |    17 ||    35

Table legend: (Time is in decaauts)
 A = Elapsed time spent in this place.
 B = Non-inter-level travel time spent in this place.
 C = Inter-level travel time spent in this place.
 D = Time resting spent in this place.
 E = Time spent auto-exploring this place.
 F = Levels seen in this place.
 G = Mean time per level.
                   A        B        C        D        E       F      G
               +--------+--------+--------+--------+--------+-----+--------+
         Total |   1820 |   1760 |     60 |     19 |   1463 |   2 |  910.0 |
       Dungeon |   1820 |   1760 |     60 |     19 |   1463 |   2 |  910.0 |
               +--------+--------+--------+--------+--------+-----+--------+

Top non-repeatable levels by time:
     D:1: 1810 daAuts
     D:2: 10 daAuts
